 Dungeon Crawl Stone Soup version 0.28-a0-1080-g05a166d0ed (webtiles) character file.

Game seed: 17733157878084974152

3330 siradein the Fighter (level 10, -3/88 HPs)
             Began as a Ghoul Fighter on Dec 9, 2021.
             Slain by an unseen horror (6 damage)
             ... on level 7 of the Dungeon.
             The game lasted 00:27:50 (10076 turns).

siradein the Fighter (Ghoul Fighter)               Turns: 10076, Time: 00:27:51

Health: -3/88      AC: 13    Str: 23    XL:     10   Next: 2%
Magic:  18/18      EV:  8    Int:  3    God:
Gold:   395        SH: 10    Dex: 10    Spells: 9/9 levels left

rFire   . . .      SeeInvis .   E - +3 falchion (freeze)
rCold   + . .      Faith    .   c - +0 buckler
rNeg    + + +      Spirit   .   C - +2 chain mail {rN+}
rPois   ∞          Reflect  +   (no helmet)
rElec   .          Harm     .   (no cloak)
rCorr   +          Rampage  .   (no gloves)
Will    .....                   i - +0 pair of boots
Stlth   ..........              p - amulet of reflection
HPRegen 0.00/turn               e - ring of magical power
MPRegen 0.16/turn               t - ring of resist corrosion

@: inhibited regen
A: claws 1, cold resistance 1, negative energy resistance 3, inhibited
regeneration, torment resistance 2
a: no special abilities


You were on level 7 of the Dungeon.
You visited 2 branches of the dungeon, and saw 8 of its levels.

You collected 395 gold pieces.

Inventory:

Hand Weapons
 j - a +2 dagger of venom
 E - a +3 falchion of freezing (weapon)
Missiles
 x - 32 poisoned darts (quivered)
Armour
 c - a +0 buckler (worn)
 i - a +0 pair of boots (worn)
 C - a +2 chain mail of positive energy (worn)
Jewellery
 d - a +6 ring of intelligence
 e - a ring of magical power (left claw)
 h - a ring of ice
 p - an amulet of reflection (around neck)
 t - a ring of resist corrosion (right claw)
 B - an amulet of the acrobat
Wands
 n - a wand of digging (4)
 q - a wand of iceblast (5)
 s - a wand of flame (11)
Scrolls
 b - 2 scrolls of enchant weapon
 g - a scroll of immolation {unknown}
 m - a scroll of blinking {unknown}
 o - a scroll of holy word {unknown}
 r - a scroll of teleportation {unknown}
 v - a scroll of summoning {unknown}
 y - a scroll of vulnerability {unknown}
 D - a scroll of noise {unknown}
Potions
 f - a potion of flight
 k - 2 potions of invisibility
 l - 3 potions of heal wounds
 u - 2 potions of ambrosia
 w - 2 potions of curing
 z - a potion of magic
 A - a potion of haste {unknown}


   Skills:
 + Level 8.1 Fighting
 + Level 6.4 Long Blades
 + Level 6.8 Armour
 + Level 6.8 Shields
 + Level 2.0 Evocations


You had 9 spell levels left.
You didn't know any spells.
Your spell library contained the following spells:

 Spells                   Type           Power      Damage    Failure   Level
 Summon Ice Beast         Ice/Summ       0%         N/A       100%        4
 Summon Mana Viper        Hex/Summ       0%         N/A       100%        5
 Monstrous Menagerie      Summ           0%         N/A       100%        7


Dungeon Overview and Level Annotations

Branches:
Dungeon (7/15)             Temple (1/1) D:4

Altars:
Ashenzari
Cheibriados
Dithmenos
Elyvilon
Fedhas
Hepliaklqana
Kikubaaqudgha
Ru
Sif Muna
Trog
Vehumet
Wu Jian
Xom
Zin
The Shining One
Lugonu

Annotations:
D:3 1 runed translucent door, Crazy Yiuf


Innate Abilities, Weirdness & Mutations

You thrive by killing the living.
You are immune to poison.
You have sharp fingernails.
Your flesh is cold resistant. (rC+)
You are immune to negative energy. (rN+++)
You do not regenerate when monsters are visible.
You are immune to unholy pain and torment.


Message History

Something hits you but does no damage. Something hits you! Something hits you.
Something hits you! Something hits you. Something hits you.
Something hits you but does no damage. x2
Something hits you but does no damage. Something hits you but does no damage.
Something hits you but does no damage. x2
You barely miss something.
Something hits you but does no damage. x2
You closely miss something. Something hits you!
Something hits you but does no damage. x2
You slash something! You freeze something. You block something's attack.
Something hits you but does no damage. Something hits you but does no damage.
You miss something. Something hits you but does no damage.
You block something's attack. You block something's attack.
You block something's attack. Something hits you but does no damage.
Something hits you. Something hits you but does no damage. Something hits you.
Something hits you but does no damage.
Something hits you but does no damage. x2
You block something's attack. x2
Something hits you but does no damage.
You see here a water moccasin skeleton.
Something hits you.
* * * LOW HITPOINT WARNING * * *
You block something's attack. Something hits you!
* * * LOW HITPOINT WARNING * * *
Something hits you but does no damage. Something hits you!
* * * LOW HITPOINT WARNING * * *
Something hits you but does no damage. Something hits you.
* * * LOW HITPOINT WARNING * * *
Something hits you but does no damage. Something hits you but does no damage.
Something hits you.
You die...

### #.#### # #....# #
#.##.# #
#######.##.###########
#....@..##............
#.#####.##############
#####.# ### #.....#
#÷##### #.# #.# #.#
#.#


There were no monsters in sight!

Vanquished Creatures
  Grinder (D:4)
  Prince Ribbit (D:5)
  2 slime creatures
  Menkaure (D:5)
  Edmund (D:5)
  A water moccasin (D:7)
  Duvessa (D:4)
  An orc warrior (D:6)
  An ice beast (D:6)
  2 sky beasts (D:6)
  A black bear (D:6)
  A necrophage (D:6)
  2 ogres (D:6)
  A centaur (D:6)
  A kobold brigand (D:6)
  A bullfrog (D:7)
  Dowan (D:4)
  2 vampire bats (D:6)
  3 wights (D:6)
  3 centaur zombies
  2 bullfrog zombies
  2 hounds (D:6)
  4 jellies
  An orc priest (D:5)
  A gnoll shaman (D:6)
  A centaur skeleton (D:5)
  Jessica (D:2)
  An orc wizard (D:6)
  Ijyb (D:3)
  6 iguanas
  3 hound skeletons
  12 gnolls
  7 adders
  A shadow imp (D:6)
  A worm (D:4)
  A dart slug (D:3)
  12 orcs
  15 bats
  3 endoplasms
  5 giant cockroaches
  8 goblins
  7 hobgoblins
  4 jackals (D:3)
  A quokka (D:1)
  5 ball pythons
  3 frilled lizards
  8 kobolds
  2 rats (D:1)
146 creatures vanquished.

Vanquished Creatures (others)
  A kobold (D:6)
1 creature vanquished.

Grand Total: 147 creatures vanquished

Notes
Turn   | Place    | Note
-------+----------+-------------------------------------------
     0 | D:1      | siradein the Ghoul Fighter began the quest for the Orb.
     0 | D:1      | Reached XP level 1. HP: 19/19 MP: 0/0
   258 | D:1      | Reached XP level 2. HP: 26/26 MP: 1/1
   560 | D:1      | Found a faded altar of an unknown god.
   930 | D:1      | Reached XP level 3. HP: 31/31 MP: 2/2
  1140 | D:2      | Noticed Jessica
  1165 | D:2      | Killed Jessica
  1166 | D:2      | Reached XP level 4. HP: 19/40 MP: 3/3
  1869 | D:2      | Reached skill level 4 in Fighting
  2352 | D:3      | HP: 2/40 [gnoll (4)]
  2353 | D:3      | Reached XP level 5. HP: 2/46 MP: 4/4
  2857 | D:3      | Found a hazy altar of Hepliaklqana.
  3114 | D:3      | Noticed Ijyb
  3147 | D:3      | Killed Ijyb
  3787 | D:3      | Found a runed translucent door.
  3788 | D:3      | Noticed Crazy Yiuf
  4122 | D:3      | Reached XP level 6. HP: 38/53 MP: 5/5
  4385 | D:4      | Found a staircase to the Ecumenical Temple.
  4392 | D:4      | Noticed Duvessa
  4393 | D:4      | Noticed Dowan
  4396 | Temple   | Entered the Ecumenical Temple
  5079 | D:4      | Noticed Grinder
  5121 | D:4      | Paralysed by Grinder for 5 turns
  5129 | D:4      | Paralysed by Grinder for 2 turns
  5137 | D:4      | Killed Grinder
  5138 | D:4      | Reached skill level 5 in Fighting
  5138 | D:4      | Reached XP level 7. HP: 30/61 MP: 6/6
  5482 | D:4      | Killed Duvessa
  5489 | D:4      | Killed Dowan
  5742 | D:5      | Entered Level 5 of the Dungeon
  5869 | D:5      | Noticed Edmund
  5892 | D:5      | Killed Edmund
  5941 | D:5      | Reached XP level 8. HP: 69/70 MP: 7/7
  5978 | D:5      | Noticed Prince Ribbit
  6019 | D:5      | Killed Prince Ribbit
  6020 | D:5      | Reached skill level 6 in Fighting
  6020 | D:5      | Reached skill level 5 in Armour
  6020 | D:5      | Reached skill level 5 in Shields
  6167 | D:5      | Found a blossoming altar of Fedhas.
  6269 | D:5      | Noticed Menkaure
  6287 | D:5      | Killed Menkaure
  6908 | D:5      | Found a shadowy altar of Dithmenos.
  7327 | D:5      | Reached skill level 5 in Long Blades
  7327 | D:5      | Found a shimmering altar of Xom.
  7844 | D:6      | Reached XP level 9. HP: 78/78 MP: 8/8
  7930 | D:6      | Reached skill level 7 in Fighting
  9736 | D:7      | Reached skill level 1 in Evocations
  9821 | D:6      | Reached skill level 8 in Fighting
 10008 | D:7      | Reached XP level 10. HP: 88/88 MP: 9/9
 10074 | D:7      | HP: 3/88 [something (3)]
 10076 | D:7      | Slain by an unseen horror

Illustrated notes

Levels and vault maps discovered:
D:1:      dpeg_arrival_stonehenge_8_columns, layout_basic,
          shapermc_ecumenical_altar_mp_highgroup, minmay_3d_cube
D:2:      layout_basic, minmay_pentomino_t4, uniq_jessica
D:3:      layout_basic, mainiacjoe_overflow_alcove_1, minmay_misc_feat_doors,
          uniq_ijyb, uniq_crazy_yiuf_cottage
D:4:      layout_rooms, minmay_temple_entry_mini_moons, uniq_grinder,
          uniq_duvessa
D:5:      layout_layer_cave, mainiacjoe_overflow_tiny_flanked,
          kennysheep_mini_moat, amethyst_overflow_temple_binary,
          tso_oasis_becter, uniq_menkaure, uniq_prince_ribbit1, uniq_edmund
D:6:      layout_layer_cave, serial_park_tiny_2, roderic_batcave,
          minmay_fractal_squares_diagonal_5
D:7:      layout_basic, lemuel_coloured_pillars_altar, grunt_gozag_statues,
          hangedman_minor_gate_pass
Temple:   corrupted_temple

Skill      XL: |  1  2  3  4  5  6  7  8  9 |
---------------+----------------------------+-----
Long Blades    | 2 3 4 5 6 |  6.4
Armour         | 3 4 5 6 |  6.8
Shields        | 3 4 5 6 |  6.8
Fighting       | 4 5 6 8 |  8.1
Evocations     | 2 |  2.0

Action                   |  1- 3 |  4- 6 |  7- 9 | 10-12 || total
-------------------------+-------+-------+-------+-------++-------
Melee: Long sword        |    95 |   224 |   339 |       ||   658
       Dagger            |    11 |       |    32 |       ||    43
       Falchion          |       |       |    27 |     5 ||    32
Throw: Dart              |       |       |    31 |       ||    31
  Use: Scroll            |       |     2 |     5 |       ||     7
       Potion            |       |     1 |       |       ||     1
Armor: Chain mail        |    80 |    13 |    55 |    32 ||   180
       Scale mail        |     5 |       |       |       ||     5
       Plate armour      |       |   108 |   192 |       ||   300
Dodge: Dodged            |    53 |    72 |    98 |       ||   223
Block: Buckler           |    31 |   127 |   239 |     9 ||   406
       Reflection        |       |     5 |     4 |       ||     9

Table legend: (Time is in decaauts)
 A = Elapsed time spent in this place.
 B = Non-inter-level travel time spent in this place.
 C = Inter-level travel time spent in this place.
 D = Time resting spent in this place.
 E = Time spent auto-exploring this place.
 F = Levels seen in this place.
 G = Mean time per level.
                   A        B        C        D        E       F      G
               +--------+--------+--------+--------+--------+-----+--------+
         Total |  10224 |  10053 |    171 |   1235 |   6640 |   8 | 1278.0 |
       Dungeon |  10171 |  10000 |    171 |   1235 |   6612 |   7 | 1453.0 |
        Temple |     52 |     52 |      0 |      0 |     28 |   1 |   52.0 |
               +--------+--------+--------+--------+--------+-----+--------+

Top non-repeatable levels by time:
     D:3: 2618 daAuts
     D:6: 2372 daAuts
     D:5: 1723 daAuts
     D:2: 1435 daAuts
     D:1: 1085 daAuts
     D:4: 661 daAuts
     D:7: 273 daAuts
  Temple: 52 daAuts
